Selects Airborne Battlegroup
Selects Heavy Machine Gun Paradrop
Heavy Machine Gun Paradrop
Construct Medical Station
Selects Paratrooper Squad Paradrop
Paratrooper Squad Paradrop
Construct Weapon Support Center
Mechanized Support Center
Selects Smoke Bombing Run
M3 Armored Personnel Carrier
Selects Carpet Bombing Run
M18 Hellcat Tank Destroyer
Selects Anti-tank Gun Team Paradrop
Anti-tank Gun Team Paradrop
M3 Armored Personnel Carrier